 Dungeon Crawl Stone Soup version 0.24-a0-584-g9d6b971ae4 (webtiles) character file.

Game seed: 12665537200515653192, levelgen mode: deterministic

539 DEFE the Cudgeler (level 7, 8/57 HPs)
             Began as a Grey Draconian Fighter on Aug 30, 2019.
             Was an Initiate of Gozag.
             Quit the game on level 5 of the Dungeon.
             The game lasted 00:06:12 (3928 turns).

DEFE the Cudgeler (Grey Draconian Fighter)          Turns: 3928, Time: 00:06:13

Health: 8/57       AC: 14    Str: 25    XL:     7   Next: 5%
Magic:  7/7        EV: 10    Int:  6    God:    Gozag
Gold:   518        SH: 10    Dex: 11    Spells: 6/6 levels left

rFire    + . .     SeeInvis .   u - +3 dagger (drain)
rCold    . . .     Gourm    .   b - +1 shield
rNeg     . . .     Faith    .   (armour unavailable)
rPois    .         Spirit   .   (helmet restricted)
rElec    .         Reflect  .   (no cloak)
rCorr    .         Harm     .   x - +2 pair of gloves
MR       .....                  (no boots)
Stlth    ++........             (no amulet)
HPRegen  0.19/turn              o - ring of protection from fire
MPRegen  0.10/turn              (no ring)

@: mighty, gold aura
A: walk through water, unfitting armour, stinger 1, dopey 1, unbreathing,
cold-blooded, AC +11
a: Potion Petition, Call Merchant, Bribe Branch, Renounce Religion


You were on level 5 of the Dungeon.
You worshipped Gozag.
Gozag was pleased with you.
You were not hungry.

You visited 1 branch of the dungeon, and saw 5 of its levels.

You collected 534 gold pieces.
You paid 16 gold pieces to Gozag.

Inventory:

Hand Weapons
 a - a +0 flail
 u - a +3 dagger of draining (weapon)
Missiles
 m - 6 curare-tipped darts (quivered)
Armour
 b - a +1 shield (worn)
 x - a +2 pair of gloves (worn)
Jewellery
 o - a ring of protection from fire (left hand)
Wands
 q - a wand of iceblast (9)
Scrolls
 e - a scroll of blinking
 h - 8 scrolls of teleportation
 j - 3 scrolls of remove curse
Potions
 g - a potion of berserk rage {unknown}
 i - a potion of agility {unknown}
 k - a potion of curing
 l - 2 potions of heal wounds {unknown}
 n - a potion of mutation
 r - a potion of brilliance {unknown}
 t - a potion of degeneration {unknown}
Comestibles
 d - 4 rations


   Skills:
 - Level 3.3 Fighting
 - Level 2.1 Short Blades
 + Level 6.3 Maces & Flails
 - Level 2.7 Dodging
 - Level 3.3 Stealth
 - Level 3.0 Shields


You had 6 spell levels left.
You didn't know any spells.
Your spell library was empty.

Dungeon Overview and Level Annotations

Branches:
Dungeon (5/15)             Temple (0/1) D:5

Altars:
Gozag
Nemelex Xobeh
Okawaru
Trog
Vehumet

Annotations:
D:4 Menkaure


Innate Abilities, Weirdness & Mutations

You can walk through water.
Your dull iron-grey scales are very hard. (AC +11)
You cannot fit into any form of body armour.
You can survive without breathing.
You are cold-blooded and may be slowed by cold attacks.
Your tail ends in a poisonous barb.
You are dopey. (Int -2)


Message History

The orc barely misses you.
The orc priest invokes the aid of Beogh against you.
Beogh smites you!
You take 16 damage, and have 19/51 hp.
MASSIVE DAMAGE!!
You hit the orc priest.
You kill the orc priest!
You have reached level 7!
Your scales start taking on a dull iron-grey colour.
You learn Air Magic much slower.
You learn Earth Magic much quicker.
You can walk through water.
You feel breathless. You block the orc's attack. The mummy hits you!
* * * LOW HITPOINT WARNING * * *
You take 4 damage, and have 15/57 hp.
MP restored: 7 The orc hits you with a +0 war axe!
* * * LOW HITPOINT WARNING * * *
You take 7 damage, and have 8/57 hp.
Unknown command.

.# .# # .# #< .#
....+.. .# #
........####.#.# $.
.......$o.$...# ..
##.###M###M.#.# #..#
##...# ##@o##.# #...#
#.....###......#
#....#.......#....####
# ....## ##.....# +
...## ##..#...#
######..###...##..#
##..##...#....#####
..................
........#.........#


You could see a mummy and an orc.

Vanquished Creatures
  Sigmund (D:4)
  A scorpion (D:5)
  A howler monkey (D:4)
  2 orc priests
  An orc wizard (D:4)
  3 worker ants (D:4)
  3 adders
  An adder zombie (D:5)
  An adder skeleton (D:4)
  2 worms
  A dart slug (D:1)
  2 leopard geckos
  16 orcs
  5 giant cockroaches
  10 hobgoblins
  9 jackals
  A quokka (D:2)
  A ball python (D:1)
  6 bats
  4 frilled lizards
  5 goblins
  2 jackal skeletons (D:4)
  3 kobolds
  10 rats
91 creatures vanquished.

Notes
Turn   | Place    | Note
-------+----------+-------------------------------------------
     0 | D:1      | DEFE the Draconian Fighter began the quest for the Orb.
     0 | D:1      | Reached XP level 1. HP: 19/19 MP: 1/1
   222 | D:1      | Reached skill level 1 in Stealth
   222 | D:1      | Reached XP level 2. HP: 26/26 MP: 2/2
   745 | D:2      | Found an opulent altar of Gozag.
   753 | D:2      | Became a worshipper of Gozag Ym Sagoz the Greedy
   794 | D:2      | You fall into a shaft and drop 1 floor!
   794 | D:3      | Found a radiant altar of Vehumet.
   794 | D:3      | Found a bloodstained altar of Trog.
   794 | D:3      | Found a sparkling altar of Nemelex Xobeh.
   845 | D:3      | Reached XP level 3. HP: 22/31 MP: 3/3
  1146 | D:2      | Reached skill level 1 in Short Blades
  1410 | D:3      | Noticed a phantom
  1909 | D:3      | Reached XP level 4. HP: 38/38 MP: 4/4
  2047 | D:3      | Found an iron altar of Okawaru.
  2362 | D:4      | Noticed Sigmund
  2612 | D:4      | Reached skill level 3 in Maces & Flails
  2612 | D:4      | Reached XP level 5. HP: 45/45 MP: 5/5
  2724 | D:4      | Killed Sigmund
  2724 | D:4      | Reached skill level 4 in Maces & Flails
  2724 | D:4      | Reached XP level 6. HP: 41/51 MP: 6/6
  2747 | D:4      | Gained mutation: You are clumsy. (Dex -2) [potion of
                  | mutation]
  2747 | D:4      | Gained mutation: You are covered in fur. (AC +1) [potion of
                  | mutation]
  2752 | D:4      | Reached skill level 5 in Maces & Flails
  2959 | D:4      | Lost mutation: You are clumsy. (Dex -2) [potion of
                  | mutation]
  2959 | D:4      | Lost mutation: You are covered in fur. (AC +1) [potion of
                  | mutation]
  2959 | D:4      | Gained mutation: You are dopey. (Int -2) [potion of
                  | mutation]
  2959 | D:4      | Gained mutation: Your tail ends in a poisonous barb.
                  | [potion of mutation]
  3076 | D:4      | Noticed Menkaure
  3809 | D:5      | Entered Level 5 of the Dungeon
  3821 | D:5      | Found a staircase to the Ecumenical Temple.
  3856 | D:5      | Reached skill level 6 in Maces & Flails
  3926 | D:5      | Your scales start taking on a dull iron-grey colour.
  3926 | D:5      | Reached XP level 7. HP: 21/57 MP: 7/7
  3926 | D:5      | Gained mutation: You can survive without breathing. [Grey
                  | Draconian growth]
  3928 | D:5      | Quit the game

Levels and vault maps discovered:
D:1:      sevenhm_arrival_forest_fort_large_2, layout_basic
D:2:      layout_rooms, lemuel_crystal_altar, grunt_ministairs_6
D:3:      layout_basic, kennysheep_okawaru_gauntlet,
          nicolae_overflow_hidden_temple, grunt_temple_overflow_open,
          minmay_unequal
D:4:      layout_cave_pods, first_ration, minmay_misc_feat_alley,
          kennysheep_orc_chapel, uniq_sigmund, uniq_menkaure
D:5:      layout_gridville, minmay_temple_entry_mist, nicolae_ossuary_entry_giza

Skill      XL: |  1  2  3  4  5  6 |
---------------+-------------------+-----
Stealth        | 1 2 3 |  3.3
Short Blades   | 1 2 |  2.1
Maces & Flails | 3 4 6 |  6.3
Fighting       | |  3.3
Dodging        | |  2.7
Shields        | |  3.0

Action                   |  1- 3 |  4- 6 |  7- 9 || total
-------------------------+-------+-------+-------++-------
Melee: Dagger            |   136 |   124 |       ||   260
       Flail             |    38 |    50 |       ||    88
       Tailslap          |    17 |    24 |       ||    41
Evoke: Wand              |       |     3 |       ||     3
  Use: Scroll            |       |     7 |       ||     7
       Potion            |       |     5 |       ||     5
 Stab: Sleeping          |     5 |     3 |       ||     8
       Invisible         |       |     1 |       ||     1
  Eat: Ration            |     1 |     2 |       ||     3
Armor: Skin              |    34 |    55 |       ||    89
Dodge: Dodged            |    62 |    75 |       ||   137
Block: Shield            |    80 |    96 |     1 ||   177

Table legend:
 A = Non-vault XP
 B = Vault XP
 C = Vault XP percentage of total XP
 D = Non-vault monster count
 E = Vault monster count
 F = Vault count percentage of total count
                 A         B        C        D         E       F
            +---------+---------+-------+---------+---------+-------
      Total |     539 |     232 |  30.1 |      87 |       4 |   4.4
            +---------+---------+-------+---------+---------+-------
        D:1 |      27 |       0 |   0.0 |      18 |       0 |   0.0
        D:2 |      40 |       3 |   7.0 |      11 |       2 |  15.4
        D:3 |      62 |       2 |   3.1 |      30 |       1 |   3.2
        D:4 |     287 |     227 |  44.2 |      23 |       1 |   4.2
        D:5 |     123 |       0 |   0.0 |       5 |       0 |   0.0
            +---------+---------+-------+---------+---------+-------
